 Dungeon Crawl Stone Soup version 0.23-a0-416-g33f1def (webtiles) character file.

1649762 ShadedKnight the Featherweight Champion (level 25, 145/155 HPs)
             Began as a Tengu Transmuter on Nov 5, 2018.
             Was the Champion of Ru.
             Escaped with the Orb
             ... and 3 runes on Nov 9, 2018!
             The game lasted 04:04:39 (71543 turns).

ShadedKnight the Featherweight Champion (TeTm)     Turns: 71543, Time: 04:04:39

Health: 145/155    AC: 47    Str: 24    XL:     25
Magic:  25/25      EV: 23    Int: 17    God:    Ru [******]
Gold:   5042       SH: 23    Dex: 18    Spells: 14/28 levels left

rFire    + . .     SeeInvis +     - Unarmed
rCold    + . .     Gourm    .   K - +5 shield {AC+3}
rNeg     . . .     Faith    .   M - +10 plate armour {rF+}
rPois    .         Spirit   .   R - +2 hat {Int+3}
rElec    .         Reflect  +   I - +2 cloak
rCorr    .         Harm     .   h - +2 pair of gloves
MR       +++..                  (boots unavailable)
Stlth    ..........             V - amulet "Nuqi" {Reflect rC+ Str+3 SH+4 SInv}
HPRegen  0.35/turn              j - +5 ring of slaying
MPRegen  0.19/turn              r - +5 ring of protection

@: flying quickly and evasively, heavily drained, quick
A: antennae 1, beak, talons 3, iridescent scales 1, thin skeletal structure 1,
blurry vision 1, frail 1, low mp 2, magic resistance 2, inability to drink while
threatened, no stealth, cowardly, no conjurations magic, no ice magic, no
necromancy magic, inexperienced 1, able to fly 2
0: Orb of Zot
}: 3/15 runes: decaying, silver, gossamer
a: Stop Flying, Draw Out Power, Power Leap, Apocalypse, Renounce Religion


You escaped.
You worshipped Ru.
Ru was exalted by your worship.
You were not hungry.

You visited 9 branches of the dungeon, and saw 47 of its levels.
You also visited: Sewer, Ice Cave and Volcano.

You collected 5537 gold pieces.
You spent 495 gold pieces at shops.


Innate Abilities, Weirdness & Mutations

You have a beak for a mouth.
You have claws for feet.
Your magical capacity is very low. (-20% MP)
You cannot drink potions while threatened.
You cannot be stealthy.
Your cowardice makes you less effective in combat with threatening monsters.
You cannot study or cast Conjurations magic.
You cannot study or cast Ice magic.
You cannot study or cast Necromancy magic.
You are somewhat inexperienced. (-2 XL)
You can fly continuously.
You have a pair of small antennae on your head.
You are partially covered in iridescent scales. (AC +2)
You have a somewhat thin skeletal structure. (Dex +2, Stealth)
Scrolls take you a little longer to read.
You are frail. (-10% HP)
You are highly resistant to hostile enchantments. (MR++)


   Skills:
 * Level 22.0(20.2) Fighting
 + Level 19.4(17.7) Armour
 + Level 20.0(18.2) Dodging
 - Level 15.5(13.8) Shields
 O Level 27(24.9) Unarmed Combat
 - Level 2.0(0.8) Spellcasting
 - Level 4.0(2.7) Translocations
 - Level 2.0(0.9) Transmutations
 - Level 10.0(8.5) Evocations


You had 14 spell levels left.
You knew the following spells:

 Your Spells              Type           Power        Failure   Level  Hunger
a - Beastly Appendage     Tmut           #.....       75%         1    ##.....
b - Sticks to Snakes      Tmut           #.......     86%         2    ###....
c - Apportation           Tloc           ##....       45%         1    ##.....
d - Aura of Abjuration    Summ           #.........   100%        5    ######.
e - Summon Mana Viper     Hex/Summ       #.......     100%        5    ######.

Your spell library contained the following spells:

 Spells                   Type           Power        Failure   Level  Hunger
 Blink                    Tloc           N/A          61%         2    ###....
 Shroud of Golubria       Chrm/Tloc      #.........   80%         2    ###....
 Gell's Gravitas          Tloc           ##........   83%         3    ####...
 Lesser Beckoning         Tloc           ##........   83%         3    ####...
 Teleport Other           Tloc           ##......     83%         3    ####...
 Confusing Touch          Hex            #.....       86%         1    ##.....
 Infusion                 Chrm           #...         86%         1    ##.....
 Summon Butterflies       Summ           #.......     86%         1    ##.....
 Summon Small Mammal      Summ           #...         86%         1    ##.....
 Call Imp                 Summ           #.......     94%         2    ###....
 Poisonous Vapours        Pois/Air       #.....       94%         2    ###....
 Slow                     Hex            #.......     94%         2    ###....
 Song of Slaying          Chrm           #.......     94%         2    ###....
 Recall                   Summ/Tloc      N/A          95%         3    ####...
 Inner Flame              Hex/Fire       #.......     99%         3    ####...
 Spectral Weapon          Hex/Chrm       #.......     99%         3    ####...
 Spider Form              Tmut/Pois      #.........   99%         3    ####...
 Tukima's Dance           Hex            #.......     99%         3    ####...
 Leda's Liquefaction      Hex/Erth       #.........   100%        4    #####..
 Olgreb's Toxic Radiance  Pois           #.......     100%        4    #####..
 Petrify                  Tmut/Erth      #.......     100%        4    #####..
 Alistair's Intoxication  Tmut/Pois      #.......     100%        5    ######.
 Blade Hands              Tmut           #.........   100%        5    ######.
 Summon Demon             Summ           #.........   100%        5    ######.
 Summon Forest            Summ/Tloc      #.........   100%        5    ######.
 Hydra Form               Tmut           #.........   100%        6    #######
 Invisibility             Hex            #.......     100%        6    #######
 Shadow Creatures         Summ           N/A          100%        6    #######
 Statue Form              Tmut/Erth      #........    100%        6    #######
 Dragon Form              Tmut           #.........   100%        7    #######
 Ring of Flames           Chrm/Fire      #.........   100%        7    #######
 Ignition                 Fire           #.........   100%        8    #######
 Shatter                  Erth           #.........   100%        9    #######
 Tornado                  Air            #.........   100%        9    #######
 Animate Skeleton         Necr           Unusable     N/A         1    N/A
 Flame Tongue             Conj/Fire      Unusable     N/A         1    N/A
 Freeze                   Ice            Unusable     N/A         1    N/A
 Magic Dart               Conj           Unusable     N/A         1    N/A
 Pain                     Necr           Unusable     N/A         1    N/A
 Sting                    Conj/Pois      Unusable     N/A         1    N/A
 Searing Ray              Conj           Unusable     N/A         2    N/A
 Throw Flame              Conj/Fire      Unusable     N/A         2    N/A
 Throw Frost              Conj/Ice       Unusable     N/A         2    N/A
 Conjure Flame            Conj/Fire      Unusable     N/A         3    N/A
 Dazzling Spray           Conj/Hex       Unusable     N/A         3    N/A
 Mephitic Cloud           Conj/Pois/Air  Unusable     N/A         3    N/A
 Ozocubu's Armour         Chrm/Ice       Unusable     N/A         3    N/A
 Regeneration             Chrm/Necr      Unusable     N/A         3    N/A
 Static Discharge         Conj/Air       Unusable     N/A         3    N/A
 Stone Arrow              Conj/Erth      Unusable     N/A         3    N/A
 Vampiric Draining        Necr           Unusable     N/A         3    N/A
 Passage of Golubria      Tloc           Unusable     N/A         4    N/A
 Animate Dead             Necr           Unusable     N/A         4    N/A
 Force Lance              Conj/Tloc      Unusable     N/A         4    N/A
 Fulminant Prism          Conj/Hex       Unusable     N/A         4    N/A
 Ice Form                 Ice/Tmut       Unusable     N/A         4    N/A
 Iskenderun's Mystic Bla  Conj           Unusable     N/A         4    N/A
 Sticky Flame             Conj/Fire      Unusable     N/A         4    N/A
 Summon Ice Beast         Ice/Summ       Unusable     N/A         4    N/A
 Throw Icicle             Conj/Ice       Unusable     N/A         4    N/A
 Bolt of Magma            Conj/Fire/Erth Unusable     N/A         5    N/A
 Fireball                 Conj/Fire      Unusable     N/A         5    N/A
 Irradiate                Conj/Tmut      Unusable     N/A         5    N/A
 Iskenderun's Battlesphe  Conj/Chrm      Unusable     N/A         5    N/A
 Lightning Bolt           Conj/Air       Unusable     N/A         5    N/A
 Metabolic Englaciation   Hex/Ice        Unusable     N/A         5    N/A
 Venom Bolt               Conj/Pois      Unusable     N/A         5    N/A
 Bolt of Cold             Conj/Ice       Unusable     N/A         6    N/A
 Freezing Cloud           Conj/Ice/Air   Unusable     N/A         6    N/A
 Iron Shot                Conj/Erth      Unusable     N/A         6    N/A
 Ozocubu's Refrigeration  Ice            Unusable     N/A         6    N/A
 Simulacrum               Ice/Necr       Unusable     N/A         6    N/A
 Orb of Destruction       Conj           Unusable     N/A         7    N/A
 Spellforged Servitor     Conj/Summ      Unusable     N/A         7    N/A

Inventory:

Missiles
 a - 1065 arrows
 m - 7 throwing nets (quivered)
Armour
 h - a +2 pair of gloves (worn)
 I - a +2 cloak (worn)
 K - a +5 shield of protection (worn)
 M - a +10 plate armour of fire resistance (worn)
 R - a +2 hat of intelligence (worn)
Jewellery
 j - a +5 ring of slaying (left hand)
 l - an uncursed ring of protection from magic
 q - an uncursed ring of protection from fire
 r - a +5 ring of protection (right hand)
 y - an uncursed ring of poison resistance
 L - an uncursed ring of resist corrosion
 V - the amulet "Nuqi" (around neck) {Reflect rC+ Str+3 SH+4 SInv}
   (You found it on level 15 of the Dungeon)

   [amulet of reflection]

   It shields you and reflects attacks.
   It affects your strength (+3).
   It protects you from cold.
   It lets you see invisible.
   It affects your SH (+4).
 Z - an uncursed ring of protection from cold
Wands
 e - a wand of digging (7)
 v - a wand of disintegration (5)
 x - a wand of enslavement (52)
 z - a wand of clouds (2)
 B - a wand of iceblast (20)
 H - a wand of paralysis (50)
 N - a wand of scattershot (10)
 Y - a wand of acid (19)
Scrolls
 b - 3 scrolls of summoning
 c - 8 scrolls of fear
 f - 10 scrolls of fog
 g - 19 scrolls of remove curse
 k - 4 scrolls of silence
 p - 16 scrolls of enchant weapon
 s - 24 scrolls of teleportation
 E - 11 scrolls of identify
 T - 5 scrolls of blinking
 W - 2 scrolls of magic mapping
Potions
 n - 4 potions of haste
 t - 4 potions of agility
 w - 12 potions of curing
 A - 5 potions of might
 C - 8 potions of brilliance
 F - 3 potions of resistance
 G - 5 potions of ambrosia
 J - 6 potions of cancellation
 O - 3 potions of mutation
 P - 6 potions of berserk rage
 U - a potion of magic
 X - 4 potions of heal wounds
Miscellaneous
 i - a lamp of fire
 u - a sack of spiders
 D - a box of beasts
 S - 4 phantom mirrors
Comestibles
 d - 71 rations

Dungeon Overview and Level Annotations

Branches:
Dungeon (15/15)            Temple (1/1) D:4            Lair (6/6) D:8
  Swamp (4/4) Lair:4       Spider (4/4) Lair:4        Slime (0/5) Lair:5
    Orc (2/2) D:10            Elf (0/3) Orc:2        Vaults (5/5) D:13
  Crypt (0/3) Vaults:3     Depths (5/5) D:15            Zot (5/5) Depths:5

Altars:
Ashenzari
Cheibriados
Dithmenos
Elyvilon
Fedhas
Gozag
Hepliaklqana
Kikubaaqudgha
Makhleb
Nemelex Xobeh
Okawaru
Qazlal
Ru
Sif Muna
Trog
Uskayaw
Vehumet
Wu Jian
Xom
Yredelemnul
Zin
The Shining One
Beogh
Lugonu

Shops:
D:6 [(}   D:7 !   Orc:2 (}(!*   Depths:2 [   Depths:4 =}=

Portals:
Hell: Depths:1 Depths:2 Depths:3 Depths:4 Depths:5
Abyss: Depths:4*
Pandemonium: Depths:2 Depths:3 Depths:4 Depths:5
Ziggurat: Depths:4

Annotations:
D:6 exclusion: 2 doors
D:7 2 transporters
Lair:2 exclusion: 2 doors
Lair:6 5 runed doors, cerealjynx's ghost, journeyman DEEE
Zot:5 1 exclusion

##.†.## ##.....##
#.......#########
#.......##......#
#.......((.)....#
####.....#######.#######
#####........#.............######
......#......#.###.#.#####.#.....
#######......#.#@..#.#.....#####.
#.[....#.#...#.#.##### #.
######.....#..####.#.#...# #. #
#..........#.......#.#.#.# #.
###...........######.#.#.#.#####.
.##..................#.#.#.#..##.
..#..........#######.#.#.#.##....
#......)..2..#.......#.#.#.##÷###
###....>.....#####.#.#.#.#.##.#


You could see a blizzard demon.


Message History

(D) Dungeon (T) Temple (L) Lair (S) Swamp (N) Spider Nest (M) Slime Pits (O) Orcish Mines (E) Elven Halls (V) Vaults (C) Crypt (U) Depths (H) Hell (Z) Zot
Where to? (Enter - D:1 @ (x,y), ? - help)
Okay, then!
A frilled lizard and a rakshasa come into view!
You block the frilled lizard's attack!
There is an escape hatch in the ceiling here!
You block the frilled lizard's attack! A mysterious force pulls you upwards!
The hatch slams shut behind you!
(D) Dungeon (T) Temple (L) Lair (S) Swamp (N) Spider Nest (M) Slime Pits (O) Orcish Mines (E) Elven Halls (V) Vaults (C) Crypt (U) Depths (H) Hell (Z) Zot
Where to? (Enter - D:1 @ (x,y), ? - help)
Okay, then!
You beat the frilled lizard into a bloody pulp!!!!!!!!!
You annihilate the frilled lizard!!!
Evoke which item? (* to show all) (? for menu, Esc to quit)
Aiming: Dig
Press: ? - help, Shift-Dir - straight line A rock wall!
This square is covered in magical glow!
The rock shatters into small pieces!
A blizzard demon comes into view!
There is a staircase leading out of the dungeon here!
The blizzard demon gestures at you! The bolt of lightning misses you!
You have escaped!!!

Skill      XL: |  1  2  3  4  5  6  7  8  9 10 11 12 13 14 15 16 17 18 19 20 21 22 23 24 25 |
---------------+----------------------------------------------------------------------------+-----
Transmutations | 2 |  2.0
Shields        | 1 3 4 5 6 7 8 9 10 11 13 15 | 15.5
Unarmed Combat | 4 5 7 8 12 13 14 16 18 20 21 22 23 24 25 26 27 | 27.0
Fighting       | 2 4 5 6 7 8 9 10 11 13 15 17 22 | 22.0
Dodging        | 3 4 5 6 8 9 10 11 12 13 14 15 16 20 | 20.0
Armour         | 4 3 5 6 7 8 9 10 11 12 13 14 15 19 | 19.4
Evocations     | 1 5 7 9 10 | 10.0
Translocations | 4 |  4.0
Spellcasting   | |  2.0

Action                   |  1- 3 |  4- 6 |  7- 9 | 10-12 | 13-15 | 16-18 | 19-21 | 22-24 | 25-27 || total
-------------------------+-------+-------+-------+-------+-------+-------+-------+-------+-------++-------
Melee: Unarmed           |    99 |   224 |   475 |   583 |  1430 |  1701 |   962 |  1414 |  1117 ||  8005
       Headbutt          |     6 |    15 |     9 |       |       |       |       |       |     1 ||    31
       Kick              |    18 |    43 |   142 |   179 |   455 |   652 |   418 |   621 |   482 ||  3010
       Peck              |    12 |    30 |    91 |   132 |   281 |   405 |   253 |   386 |   332 ||  1922
 Cast: Beastly Appendage |     9 |    21 |    15 |       |       |       |       |       |     1 ||    46
       Sticks to Snakes  |       |     5 |       |       |       |       |       |       |       ||     5
Invok: Sacrifice Experie |       |       |     1 |       |       |       |       |       |       ||     1
       Power Leap        |       |       |     2 |    13 |    13 |    18 |     2 |     9 |     2 ||    59
       Sacrifice Courage |       |       |     1 |       |       |       |       |       |       ||     1
       Sacrifice Stealth |       |       |     1 |       |       |       |       |       |       ||     1
       Draw Out Power    |       |       |       |     1 |     2 |       |       |       |       ||     3
       Apocalypse        |       |       |       |     2 |     7 |     4 |     9 |     8 |     9 ||    39
       Sacrifice Drink   |       |       |       |     1 |       |       |       |       |       ||     1
       Reject Sacrifices |       |       |       |     1 |     2 |     1 |       |       |       ||     4
       Sacrifice Essence |       |       |       |       |       |       |     1 |       |       ||     1
       Sacrifice Arcana  |       |       |       |       |       |       |       |     1 |       ||     1
 Abil: Evoke Flight      |       |     4 |       |       |       |       |       |       |       ||     4
       Fly               |       |     8 |     6 |    12 |     4 |       |       |     2 |     1 ||    33
       End Transformatio |       |     1 |       |       |       |       |       |       |       ||     1
       Stop Flying       |       |       |       |       |       |       |       |     3 |       ||     3
Evoke: Wand              |       |       |     4 |    15 |    10 |     4 |     2 |     2 |     3 ||    40
       Sack of spiders   |       |       |       |       |       |     1 |       |     2 |       ||     3
       Lamp of fire      |       |       |       |       |       |       |       |       |     1 ||     1
       Phantom mirror    |       |       |       |       |       |       |       |       |     1 ||     1
  Use: Potion            |       |     4 |     5 |       |       |     1 |     1 |     1 |     8 ||    20
       Scroll            |       |       |     7 |    11 |    10 |    20 |     4 |     8 |     6 ||    66
 Stab: Sleeping          |       |     4 |       |       |       |       |       |       |       ||     4
       Distracted        |       |       |     2 |     2 |     8 |    12 |     3 |    10 |     8 ||    45
       Confused          |       |       |     3 |     4 |     1 |       |       |       |       ||     8
       Invisible         |       |       |     1 |     1 |     7 |    16 |       |     7 |    10 ||    42
       Paralysed         |       |       |       |     8 |     9 |     4 |     8 |    10 |    21 ||    60
  Eat: Chunk             |     3 |    14 |    23 |    18 |    35 |    24 |    18 |    20 |    17 ||   172
       Ration            |       |       |     1 |     1 |     1 |     5 |       |     4 |     6 ||    18
Armor: Robe              |     7 |    24 |     4 |       |       |       |       |       |       ||    35
       Skin              |       |     4 |       |       |       |       |       |       |       ||     4
       Ring mail         |       |       |    32 |       |       |       |       |       |       ||    32
       Scale mail        |       |       |    11 |       |       |       |       |       |       ||    11
       Plate armour      |       |       |     9 |   228 |   428 |   525 |    98 |   211 |   202 ||  1701
Dodge: Dodged            |    49 |   108 |   128 |    44 |   209 |   244 |   109 |   237 |   225 ||  1353
Block: Shield            |    15 |    81 |   160 |       |       |       |       |   483 |   499 ||  1238
       Large shield      |       |       |    28 |   309 |   748 |  1159 |   458 |   252 |       ||  2954
       Reflection        |       |       |       |       |       |    29 |    37 |    59 |    12 ||   137

Vault maps used:
D:1:      matt_arrival_spirals, minmay_misc_feat_encased
D:2:      first_ration
D:3:      old_standard_altar, makhleb_blood_cavern_becter,
          gup_sewer_entry_bubbles
D:4:      ashenzari_conservatory_becter, temple_statues, uniq_grinder
D:5:      old_standard_altar, kennysheep_mini
D:6:      nicolae_qazlal_general_emergency, elyvilon_altar_3, serial_shops,
          nicolae_shop_statue_plus, kennysheep_mini_moat, nicolae_shop_crystal,
          kennysheep_path_1
D:7:      gammafunk_temple_overflow_arena, serial_shops, shop_fountains
D:8:      overflow_temple_1_default, nicolae_tso_carved_into_rock,
          lair_entry_dummy, uniq_prince_ribbit1, uniq_maurice
D:9:      gammafunk_beogh_shrine
D:10:     minmay_orc_entry_guard_dogs
D:11:     grunt_pizzeria
D:12:     uniq_urug
D:13:     david_vaults_5
D:15:     gammafunk_depths_entry_grave, chequers_serial_rivers_micro_c,
          chequers_mini_garden, uniq_agnes
Temple:   hc_temple_tempest_star
Lair:1:   bh_autumn_forest_stairs, chequers_serial_rivers_micro_b,
          guppyfry_lair_drakes
Lair:2:   cheibrodos_lair_overgrown_chateau
Lair:3:   infiniplex_staircase_pool_2, uniq_nergalle, uniq_rupert
Lair:4:   swamp_mist_pool, nicolae_spider_entry_non_spiders,
          serial_bayou_shore_b, uniq_nessos
Lair:5:   dpeg_slime_entry_corner, serial_bayou_ford_a,
          grunt_forest_stairs_basic, cheibrodos_lair_lostbears,
          lemuel_fruit_tree
Lair:6:   cheibrodos_lair_end_hotspot, ebering_ghost_rock_garden,
          nicolae_volcano_entry_batcave
Swamp:1:  evilmike_swamp_ruin_house_1
Swamp:2:  cheibrodos_swamp_mausoleum, nicolae_swamp_treefoil
Swamp:3:  evilmike_swamp_ruin_house_4
Swamp:4:  swamp_pestilence, portal_ice_cave_entry_dragon, swamp_pool2
Spider:3: cheibrodos_spider_deadly_dance, hive_lemuel, uniq_arachne
Spider:4: grunt_spider_rune_circles, uniq_louise
Orc:1:    basic_altar, uniq_sonja, uniq_josephine
Orc:2:    st_orc_mages, serial_shops, shop
Vaults:1: gammafunk_vaults_ghost_split, ontoclasm_vaults_ligature,
          vaults_standard_mumra_lines, nicolae_vaults_disjoint_gnomons,
          vaults_standard_mumra_x, hangedman_vaults_capsules, vaults_dpeg_cross,
          vaults_room_corners
Vaults:2: v_misc_23, vaults_room_grunt_arrival_checkpoint, vaults_mumra_chevron,
          nicolae_vaults_quartermaster, vaults_room_semicircle,
          ontoclasm_vaults_eye, nicolae_vaults_network_barrier, v_alt_pattern_2,
          v_rooms_6, nicolae_vaults_little_squares_6, v_misc_5,
          vaults_room_hallway, uniq_sojobo
Vaults:3: minmay_crypt_entry_simple_corners, ontoclasm_vaults_hangar,
          hangedman_vaults_slither, hangedman_vaults_locks, v_pattern_5,
          vaults_room_corners, nicolae_vaults_mini_display_case,
          nicolae_vaults_little_squares_1, grunt_vaults_bifocal, uniq_nikola
Vaults:4: v_misc_1, nicolae_vaults_border_crossing, grunt_vaults_twisty,
          v_alt_pattern_1, v_misc_3, vaults_standard_mumra_enter_the_diamond,
          ontoclasm_vaults_loading_screen, ontoclasm_vaults_gallery,
          uniq_frederick
Vaults:5: serial_shops, uniq_xtahua
Depths:1: grunt_metal_band, chequers_big_river, hangedman_blasphemy,
          uniq_enchantress
Depths:2: hangedman_spin_cycle, hell_entry, pan_entry
Depths:3: due_jory_tower, minmay_misc_feat_hallway, rand_demon_pan_entry_4,
          hell_entry, minmay_misc_feat_x, infiniplex_staircase_star,
          uniq_saint_roka
Depths:4: due_chaos_kobolds, enter_ziggurat_f, hell_entry,
          rand_demon_pan_entry_1, abyss_entry, minmay_staircase_windowed_small,
          grunt_megastairs_3, minmay_shop_grove
Depths:5: evilmike_zot_entry_basic, hell_entry, abandoned_shop, pan_entry
Zot:2:    zot_minivault_2, grunt_megastairs_2
Zot:5:    grunt_ministairs_4
Sewer:    sewer_frog_island_02
IceCv:    ice_cave_caverns_03
Volcano:  kennysheep_volcano_temple

Notes
Turn   | Place    | Note
-------+----------+-------------------------------------------
     0 | D:1      | ShadedKnight the Tengu Transmuter began the quest for the
                  | Orb.
     0 | D:1      | Reached XP level 1. HP: 12/12 MP: 4/4
   293 | D:1      | Reached XP level 2. HP: 16/16 MP: 3/6
   334 | D:1      | Learned a level 2 spell: Sticks to Snakes
   623 | D:1      | Reached XP level 3. HP: 16/20 MP: 7/7
  1772 | D:2      | Reached skill level 1 in Shields
  1890 | D:2      | Reached XP level 4. HP: 26/26 MP: 8/8
  1945 | D:2      | Reached skill level 4 in Unarmed Combat
  2774 | D:3      | Gained mutation: You can fly. [Tengu growth]
  2774 | D:3      | Reached XP level 5. HP: 15/30 MP: 3/9
  2795 | D:3      | Found a glowing drain.
  2807 | D:3      | Reached skill level 5 in Unarmed Combat
  2813 | Sewer    | Entered a sewer
  3562 | Sewer    | Reached XP level 6. HP: 28/35 MP: 7/10
  3972 | Sewer    | Reached skill level 6 in Unarmed Combat
  4269 | D:3      | Found an ancient bone altar of Kikubaaqudgha.
  4607 | D:3      | Found a burning altar of Makhleb.
  4803 | D:4      | Noticed Grinder
  4825 | D:4      | Killed Grinder
  4825 | D:4      | Reached skill level 7 in Unarmed Combat
  4825 | D:4      | Reached XP level 7. HP: 40/40 MP: 4/11
  5322 | D:4      | Found a staircase to the Ecumenical Temple.
  5342 | Temple   | Entered the Ecumenical Temple
  5407 | Temple   | Became a worshipper of Ru the Awakened
  5726 | D:4      | Found a shattered altar of Ashenzari.
  5774 | D:4      | Reached skill level 8 in Unarmed Combat
  6111 | D:5      | Entered Level 5 of the Dungeon
  6432 | D:5      | Found a bloodstained altar of Trog.
  6717 | D:5      | Reached XP level 8. HP: 26/44 MP: 10/12
  6828 | D:5      | Found a basalt altar of Yredelemnul.
  7265 | D:5      | Reached skill level 9 in Unarmed Combat
  7616 | D:5      | Gained mutation: Your cowardice makes you less effective in
                  | combat with threatening monsters. [Ru sacrifice]
  7616 | D:5      | Reached * piety under Ru
  7697 | D:6      | Reached skill level 1 in Armour
  7902 | D:6      | Gained mutation: You are resistant to hostile enchantments.
                  | (MR+) [potion of mutation]
  7902 | D:6      | Gained mutation: You have supernaturally acute eyesight.
                  | (SInv) [potion of mutation]
  8182 | D:6      | Found Yddarchu's Antique Weapon Emporium.
  8355 | D:6      | Found a white marble altar of Elyvilon.
  8559 | D:6      | Got a faintly humming ring mail
  8567 | D:6      | Identified the +1 ring mail of Trial and Error {rPois
                  | Int+3} (You found it on level 6 of the Dungeon)
  8584 | D:6      | Found a stormy altar of Qazlal.
  9132 | D:6      | Reached skill level 10 in Unarmed Combat
  9220 | D:6      | Found Taliv's Armour Shop.
  9259 | D:6      | Found Giwopp's Gadget Emporium.
  9438 | D:6      | Reached XP level 9. HP: 46/49 MP: 9/13
  9649 | D:7      | Noticed a green ugly thing
  9821 | D:7      | Found a deep blue altar of Sif Muna.
  9886 | D:7      | Reached skill level 11 in Unarmed Combat
  9989 | D:7      | Found a transporter.
  9989 | D:7      | Noticed a manticore
 10006 | D:7      | Found a transporter.
 10046 | D:7      | Found Azaos's Distillery.
 10255 | D:7      | Gained mutation: You are somewhat inexperienced. (-2 XL)
                  | [Ru sacrifice]
 10255 | D:7      | Reached XP level 8. HP: 46/46 MP: 12/12
 10255 | D:7      | Reached XP level 7. HP: 41/41 MP: 11/11
 10255 | D:7      | Reached ** piety under Ru
 10255 | D:7      | Reached *** piety under Ru
 10255 | D:7      | Reached **** piety under Ru
 10812 | D:8      | Reached XP level 8. HP: 46/46 MP: 12/12
 10815 | D:8      | Got a faintly humming shield
 10816 | D:8      | Identified the +7 shield of Pyapsoun {MR- Dex+6} (You found
                  | it on level 8 of the Dungeon)
 10925 | D:8      | Noticed Prince Ribbit
 10943 | D:8      | Killed Prince Ribbit
 11160 | D:8      | Found a staircase to the Lair.
 11178 | D:8      | Noticed Maurice
 11181 | D:8      | Found an ornate altar of the Wu Jian Council.
 11192 | D:8      | Killed Maurice
 11192 | D:8      | Reached skill level 12 in Unarmed Combat
 11352 | D:8      | Found a glowing golden altar of the Shining One.
 11586 | D:9      | Found a transporter.
 11588 | D:9      | Found a transporter.
 11591 | D:9      | Found a roughly hewn altar of Beogh.
 11591 | D:9      | Noticed a troll
 11616 | D:9      | Reached XP level 9. HP: 46/50 MP: 13/13
 11761 | D:9      | Reached skill level 13 in Unarmed Combat
 12217 | D:6      | Bought a +3 plate armour of fire resistance for 495 gold
                  | pieces
 12312 | Lair:1   | Entered Level 1 of the Lair of Beasts
 12398 | Lair:1   | Noticed a black mamba
 12403 | Lair:1   | Killed a black mamba
 12570 | Lair:1   | Gained mutation: You cannot be stealthy. [Ru sacrifice]
 12575 | Lair:1   | Reached XP level 10. HP: 51/56 MP: 14/14
 13001 | Lair:1   | Reached skill level 5 in Dodging
 13001 | Lair:1   | Reached skill level 5 in Shields
 13001 | Lair:1   | Reached skill level 14 in Unarmed Combat
 13102 | Lair:1   | Noticed a black mamba
 13146 | Lair:1   | Killed a black mamba
 14086 | Lair:2   | Noticed a spiny frog
 14101 | Lair:2   | Killed a spiny frog
 14401 | Lair:2   | Noticed a seven-headed hydra
 14833 | Lair:3   | Reached skill level 5 in Armour
 14834 | Lair:3   | Noticed a four-headed hydra
 14861 | Lair:2   | Reached skill level 5 in Fighting
 14878 | Lair:2   | Killed a seven-headed hydra
 14878 | Lair:2   | Reached skill level 1 in Evocations
 14997 | Lair:3   | Reached XP level 11. HP: 63/63 MP: 11/15
 15051 | Lair:3   | Gained mutation: You cannot drink potions while threatened.
                  | [Ru sacrifice]
 15051 | Lair:3   | Reached ***** piety under Ru
 15055 | Lair:3   | Noticed Rupert
 15086 | Lair:3   | Killed Rupert
 15086 | Lair:3   | Reached skill level 15 in Unarmed Combat
 15736 | Lair:3   | Reached skill level 16 in Unarmed Combat
 15799 | Lair:3   | Killed a four-headed hydra
 15876 | Lair:3   | Noticed Nergalle
 15895 | Lair:3   | Killed Nergalle
 15895 | Lair:3   | Reached skill level 5 in Evocations
 16482 | Lair:3   | Reached XP level 12. HP: 52/68 MP: 16/16
 16840 | Lair:4   | Reached skill level 17 in Unarmed Combat
 16937 | Lair:4   | Found a staircase to the Swamp.
 16980 | Lair:4   | Noticed Nessos
 16995 | Lair:4   | Killed Nessos
 17316 | Lair:4   | Found a hole to the Spider Nest.
 17909 | Lair:5   | Noticed an eight-headed hydra
 17982 | Lair:4   | Killed an eight-headed hydra
 18386 | Lair:5   | Reached skill level 18 in Unarmed Combat
 18551 | Lair:5   | Noticed a catoblepas
 18568 | Lair:5   | Killed a catoblepas
 18771 | Lair:5   | Reached XP level 13. HP: 71/72 MP: 13/17
 18828 | Lair:5   | Found a staircase to the Slime Pits.
 19219 | Lair:6   | Entered Level 6 of the Lair of Beasts
 19219 | Lair:6   | Found a runed gate.
 19219 | Lair:6   | Found a runed gate.
 19219 | Lair:6   | Found a runed gate.
 19219 | Lair:6   | Noticed cerealjynx's ghost (journeyman DEEE)
 19333 | Lair:6   | Reached skill level 19 in Unarmed Combat
 19475 | Lair:6   | Found a dark tunnel.
 19623 | Volcano  | Entered a volcano
 19639 | Volcano  | Noticed an ogre mage
 19823 | Volcano  | Noticed a red draconian
 19837 | Volcano  | Killed a red draconian
 19896 | Volcano  | Killed an ogre mage
 19917 | Volcano  | Found a bloodstained altar of Trog.
 20103 | Lair:6   | Reached skill level 20 in Unarmed Combat
 20711 | Lair:6   | Noticed a fire dragon
 20747 | Lair:6   | Gained mutation: You can fly continuously. [Tengu growth]
 20747 | Lair:6   | Reached XP level 14. HP: 56/78 MP: 19/19
 20885 | Lair:6   | Found a large runed door.
 20886 | Lair:6   | Found a large runed door.
 21997 | D:10     | Entered Level 10 of the Dungeon
 22027 | D:10     | Found a staircase to the Orcish Mines.
 24075 | D:12     | Noticed Urug
 24104 | D:12     | Killed Urug
 24957 | D:13     | Found a gate to the Vaults.
 25199 | Orc:1    | Entered Level 1 of the Orcish Mines
 25199 | Orc:1    | Noticed an orc warlord
 25200 | Orc:1    | Reached skill level 21 in Unarmed Combat
 25206 | Orc:1    | Killed an orc warlord
 25468 | Orc:2    | Entered Level 2 of the Orcish Mines
 25669 | Orc:1    | Noticed Sonja
 25670 | Orc:1    | Killed Sonja
 25905 | Orc:1    | Reached XP level 15. HP: 78/84 MP: 21/21
 26171 | Orc:1    | Noticed Josephine
 26183 | Orc:1    | Killed Josephine
 26638 | Orc:2    | Found Geusiug's Weapon Shoppe.
 26718 | Orc:2    | Paralysed by an orc sorcerer for 3 turns
 27529 | Orc:2    | Found Corust's Distillery.
 27529 | Orc:2    | Found Ymusa's Gadget Shop.
 27530 | Orc:2    | Found Nirhoel's Weapon Shop.
 27533 | Orc:2    | Found Quyc's Assorted Antiques.
 27572 | Orc:2    | Found a staircase to the Elven Halls.
 28947 | D:15     | Entered Level 15 of the Dungeon
 29215 | D:15     | Reached skill level 22 in Unarmed Combat
 29303 | D:15     | Found a staircase to the Depths.
 29350 | D:15     | Noticed Agnes
 29358 | D:15     | Killed Agnes
 29629 | D:15     | Got a shimmering emerald amulet
 29666 | D:15     | Identified the amulet "Nuqi" {Reflect rC+ Str+3 SH+4 SInv}
                  | (You found it on level 15 of the Dungeon)
 29977 | Swamp:1  | Entered Level 1 of the Swamp
 30057 | Swamp:1  | Noticed a thorn hunter
 30086 | Swamp:1  | Killed a thorn hunter
 30183 | Swamp:1  | Reached XP level 16. HP: 86/92 MP: 24/24
 31123 | Swamp:1  | Upgraded the game from 0.23-a0-404-g0063841 to
                  | 0.23-a0-405-g368ce00
 32152 | Swamp:2  | Reached skill level 10 in Evocations
 32470 | Swamp:3  | Noticed a thorn hunter
 32526 | Swamp:3  | Identified the +0 cloak of Peek-a-Boo {+Inv rN++ Slay-5}
                  | (You found it on level 3 of the Swamp)
 32581 | Swamp:3  | Killed a thorn hunter
 33319 | Swamp:4  | Entered Level 4 of the Swamp
 33335 | Swamp:4  | Found a frozen archway.
 33379 | IceCv    | Entered an ice cave
 33612 | IceCv    | Reached skill level 23 in Unarmed Combat
 33967 | IceCv    | Noticed an Ice Fiend
 34007 | IceCv    | Killed an Ice Fiend
 34351 | Swamp:4  | Noticed a thorn hunter
 34369 | Swamp:4  | Killed a thorn hunter
 34840 | Swamp:4  | Reached XP level 17. HP: 99/99 MP: 25/25
 35469 | Spider:1 | Entered Level 1 of the Spider Nest
 35679 | Spider:1 | Identified a scroll of acquirement
 35683 | Spider:1 | Got a coiled silver amulet
 35684 | Spider:1 | Identified the amulet of Peeriall {rPois Regen+} (You
                  | acquired it on level 1 of the Spider Nest)
 37385 | Spider:2 | Reached skill level 10 in Armour
 37831 | Spider:3 | Found a runed door.
 38325 | Spider:3 | Noticed Arachne
 38335 | Spider:3 | Killed Arachne
 38831 | Spider:3 | Identified the +2 chain mail of Mivuirph {Slay+3} (You
                  | found it on level 3 of the Spider Nest)
 38852 | Spider:3 | Reached skill level 10 in Dodging
 38857 | Spider:3 | Reached skill level 24 in Unarmed Combat
 38924 | Spider:3 | Identified the cursed +0 chain mail "Ytamogg" {Str+3} (You
                  | found it on level 3 of the Spider Nest)
 38959 | Spider:4 | Entered Level 4 of the Spider Nest
 39461 | Spider:4 | Noticed Louise
 39467 | Spider:4 | Reached XP level 18. HP: 97/105 MP: 26/26
 39472 | Spider:4 | Killed Louise
 40331 | Spider:4 | Got a gossamer rune of Zot
 41051 | Swamp:4  | Noticed a bone dragon
 41082 | Swamp:4  | Killed a bone dragon
 41082 | Swamp:4  | Reached skill level 25 in Unarmed Combat
 41394 | Swamp:4  | Got a decaying rune of Zot
 41987 | Vaults:1 | Entered Level 1 of the Vaults
 42488 | Vaults:1 | Found a runed gate.
 42489 | Vaults:1 | Found a runed gate.
 42490 | Vaults:1 | Found a runed gate.
 42492 | Vaults:1 | Noticed Bobet's ghost (adept DEFE)
 43635 | Vaults:1 | Reached skill level 10 in Fighting
 43867 | Vaults:1 | Reached XP level 19. HP: 107/107 MP: 27/27
 44112 | Vaults:1 | Killed Bobet's ghost
 44286 | Vaults:2 | Reached skill level 10 in Shields
 44289 | Vaults:2 | Noticed Sojobo
 44396 | Vaults:2 | Killed Sojobo
 44396 | Vaults:2 | Reached skill level 26 in Unarmed Combat
 44628 | Vaults:2 | Identified the cursed +1 robe of Okawaru's Supremacy {rC+
                  | rN+}
 46315 | Vaults:3 | Reached XP level 20. HP: 112/112 MP: 28/28
 46533 | Vaults:3 | Noticed a lich
 46553 | Vaults:3 | Killed a lich
 46809 | Vaults:3 | Reached XP level 21. HP: 117/117 MP: 29/29
 47034 | Vaults:3 | Reached skill level 27 in Unarmed Combat
 47123 | Vaults:3 | Found a staircase to the Crypt.
 47266 | Vaults:3 | Noticed Nikola
 47274 | Vaults:3 | Killed Nikola
 47957 | Vaults:4 | Noticed Frederick
 47965 | Vaults:4 | Killed Frederick
 48383 | Vaults:4 | Gained mutation: Your magical capacity is low. (-10% MP)
                  | [Ru sacrifice]
 49210 | Depths:1 | Entered Level 1 of the Depths
 49335 | Depths:1 | Noticed Margery
 49352 | Depths:1 | Reached XP level 22. HP: 105/127 MP: 20/27
 49369 | Depths:1 | Killed Margery
 50111 | Depths:1 | Identified the +1 faerie dragon scales {rCorr Int+2}
 50111 | Depths:1 | Noticed the Enchantress
 50135 | Depths:1 | Killed the Enchantress
 50196 | Depths:1 | Gained mutation: You cannot study or cast Ice magic. [Ru
                  | sacrifice]
 50196 | Depths:1 | Gained mutation: You cannot study or cast Necromancy magic.
                  | [Ru sacrifice]
 50196 | Depths:1 | Gained mutation: You cannot study or cast Conjurations
                  | magic. [Ru sacrifice]
 50196 | Depths:1 | Reached ****** piety under Ru
 50645 | Depths:1 | Found a basalt altar of Yredelemnul.
 50646 | Depths:1 | Noticed a profane servitor
 50668 | Depths:1 | Killed a profane servitor
 50701 | Depths:1 | Found a gateway to Hell.
 50990 | Depths:2 | Gained mutation: You are frail. (-10% HP) [a neqoxec]
 51081 | Depths:2 | Identified the ring of Esuq {+Inv rN+ Stlth+} (You found it
                  | on level 2 of the Depths)
 52147 | Depths:2 | Got a flickering jade ring
 52196 | Depths:2 | Found a one-way gate leading to the halls of Pandemonium.
 52223 | Depths:2 | Noticed a juggernaut
 52382 | Depths:2 | Reached XP level 23. HP: 116/121 MP: 28/28
 52404 | Depths:2 | Killed a juggernaut
 52434 | Depths:2 | Identified the ring of Votuodiv {Ice MP+9}
 52476 | Depths:2 | Noticed Saint Roka
 52494 | Depths:2 | Killed Saint Roka
 52775 | Depths:2 | Found Kasetobb's Armour Emporium.
 52987 | Depths:2 | Noticed a golden dragon
 53005 | Depths:2 | Killed a golden dragon
 53235 | Depths:2 | Identified the cursed ring "Xorch" {Int+4 Dex+3 Slay-4}
                  | (You found it on level 2 of the Depths)
 53272 | Depths:3 | Reached skill level 15 in Dodging
 54049 | Depths:3 | Found the amulet of Vitality {Regen+ HP+15}
 55358 | Depths:3 | Reached skill level 15 in Fighting
 55502 | Depths:4 | Reached skill level 15 in Shields
 55958 | Depths:4 | Reached XP level 24. HP: 123/135 MP: 28/28
 56050 | Depths:4 | Found Jioch's Gadget Boutique.
 56051 | Depths:4 | Found Liewnem's Jewellery Emporium.
 56051 | Depths:4 | Found Woucoop's Jewellery Emporium.
 56292 | Depths:4 | Found a corrupted altar of Lugonu.
 56299 | Depths:4 | Found a one-way gate to the infinite horrors of the Abyss.
 56626 | Depths:4 | Found a gateway to a ziggurat.
 57191 | Depths:5 | Entered Level 5 of the Depths
 57399 | Depths:5 | Reached skill level 15 in Armour
 57527 | Depths:5 | Noticed a juggernaut
 57543 | Depths:5 | Killed a juggernaut
 57843 | Depths:5 | Found a gate to the Realm of Zot.
 58206 | Depths:5 | Noticed a juggernaut
 58218 | Depths:5 | Killed a juggernaut
 58959 | Vaults:4 | Upgraded the game from 0.23-a0-405-g368ce00 to
                  | 0.23-a0-407-g92528d7
 58959 | Vaults:4 | Upgraded the game from 0.23-a0-407-g92528d7 to
                  | 0.23-a0-416-g33f1def
 58960 | Vaults:5 | Entered Level 5 of the Vaults
 59215 | Vaults:5 | Identified the Handbook of Combat Magic and Talismans
 60102 | Vaults:5 | Reached XP level 25. HP: 144/144 MP: 28/28
 60240 | Vaults:5 | Learned a level 1 spell: Apportation
 60241 | Vaults:5 | Identified the +6 arbalest "Muocetie" {penet, rN+}
 60372 | Vaults:5 | Noticed Xtahua
 60393 | Vaults:5 | Killed Xtahua
 60393 | Vaults:5 | Reached skill level 1 in Translocations
 60561 | Vaults:5 | Paralysed by a sphinx for 7 turns
 61162 | Vaults:5 | Identified Kautzet's Disquisition on Dusty Beguiling
 61858 | Vaults:5 | Identified the amulet "Badillif" {Faith Str+3 Int+4}
 61900 | Vaults:5 | Got a silver rune of Zot
 62870 | Zot:1    | Entered Level 1 of the Realm of Zot
 67147 | Zot:5    | Entered Level 5 of the Realm of Zot
 68148 | Zot:5    | Noticed an ancient lich
 68159 | Zot:5    | Killed an ancient lich
 68303 | Zot:5    | Learned a level 5 spell: Aura of Abjuration
 68309 | Zot:5    | Learned a level 5 spell: Summon Mana Viper
 68628 | Zot:5    | Noticed a Killer Klown
 68645 | Zot:5    | Killed a Killer Klown
 68648 | Zot:5    | Noticed an orb of fire
 68658 | Zot:5    | Gained mutation: Your magical capacity is very low. (-20%
                  | MP) [an orb of fire]
 68661 | Zot:5    | Gained mutation: Your body sometimes deteriorates upon
                  | taking damage. [an orb of fire]
 68665 | Zot:5    | Noticed an orb of fire
 68673 | Zot:5    | Gained mutation: You have a somewhat thin skeletal
                  | structure. (Dex +2, Stealth) [an orb of fire]
 68674 | Zot:5    | Lost mutation: You have supernaturally acute eyesight.
                  | (SInv) [an orb of fire]
 68676 | Zot:5    | Killed an orb of fire
 68676 | Zot:5    | Gained mutation: Your magical capacity is extremely low.
                  | (-30% MP) [an orb of fire]
 68679 | Zot:5    | Gained mutation: You are occasionally teleported next to
                  | monsters. [an orb of fire]
 68685 | Zot:5    | Killed an orb of fire
 68688 | Zot:5    | Lost mutation: Your magical capacity is extremely low.
                  | (-30% MP) [potion of mutation]
 68688 | Zot:5    | Lost mutation: You are occasionally teleported next to
                  | monsters. [potion of mutation]
 68688 | Zot:5    | Lost mutation: Your body sometimes deteriorates upon taking
                  | damage. [potion of mutation]
 68688 | Zot:5    | Gained mutation: You are highly resistant to hostile
                  | enchantments. (MR++) [potion of mutation]
 68688 | Zot:5    | Gained mutation: You are partially covered in iridescent
                  | scales. (AC +2) [potion of mutation]
 68688 | Zot:5    | Gained mutation: You have a pair of small antennae on your
                  | head. [potion of mutation]
 69806 | Zot:5    | Noticed a Killer Klown
 69842 | Zot:5    | Killed a Killer Klown
 69854 | Zot:5    | Noticed an orb of fire
 69867 | Zot:5    | Gained mutation: Scrolls take you a little longer to read.
                  | [an orb of fire]
 69868 | Zot:5    | Killed an orb of fire
 70288 | Zot:5    | Noticed a Killer Klown
 70306 | Zot:5    | Killed a Killer Klown
 70677 | Zot:5    | Noticed a Killer Klown
 70692 | Zot:5    | Killed a Killer Klown
 70770 | Zot:5    | Got the Orb of Zot
 71458 | D:5      | Noticed a seraph
 71543 | D:$      | Escaped with the Orb!

Vanquished Creatures
  3 orbs of fire (Zot:5)
  3 juggernauts
  An ancient lich (Zot:5)
  Margery (Depths:1)
  Saint Roka (Depths:2)
  Frederick (Vaults:4)
  Sojobo (Vaults:2)
  Xtahua (Vaults:5)
  4 Killer Klowns (Zot:5)
  11 golden dragons
  the Enchantress (Depths:1)
  A profane servitor (Depths:1)
  Nikola (Vaults:3)
  A bone dragon (Swamp:4)
  3 liches
  Arachne (Spider:3)
  3 electric golems (Zot:5)
  An Ice Fiend (IceCv)
  11 tentacled monstrosities
  The ghost of Bobet the Spry, an adept DEFE of Vehumet (Vaults:1)
  A Hell Sentinel (D:12)
  Rupert (Lair:3)
  2 titans (Depths:2)
  2 quicksilver dragons
  26 Orb Guardians
  9 sphinxes
  5 death cobs
  10 shadow dragons
  Agnes (D:15)
  3 thorn hunters
  4 fire giants
  10 tengu reavers
  3 draconian monks
  13 frost giants
  3 deep elf sorcerers
  14 storm dragons
  2 draconian knights (Zot:4)
  Louise (Spider:4)
  A balrug (Depths:4)
  5 draconian scorchers (Zot:1)
  9 vault wardens
  3 draconian shifters
  8 emperor scorpions
  An orc warlord (Orc:1)
  7 ghost moths
  An iron dragon (Depths:2)
  A caustic shrike zombie (D:15)
  4 deep elf elementalists (Vaults:5)
  4 draconian annihilators
  3 draconian stormcallers
  3 war gargoyles (Vaults:5)
  A ghoul (Vaults:3)
  A reaper (Depths:4)
  12 very ugly things
  12 ironheart preservers
  3 spriggan defenders (Depths:1)
  8 vampire knights
  3 entropy weavers (shapeshifter)
  12 stone giants
  4 entropy weavers
  4 green draconians
  Nessos (Lair:4)
  9 black draconians
  5 yellow draconians
  2 deep elf annihilators
  2 deep elf demonologists
  4 white draconians
  9 red draconians
  A lorocyproca (D:6)
  6 spark wasps
  6 purple draconians
  A merfolk impaler (Depths:5)
  2 pearl dragon zombies (Depths:1)
  2 jiangshi (Depths:4)
  10 ettins
  Josephine (Orc:1)
  9 ogre magi
  A deep elf death mage (Vaults:5)
  5 great orbs of eyes
  12 fire dragons
  13 yaktaur captains
  38 vault guards
  A hell beast (Depths:2)
  9 rakshasas
  4 ghost crabs
  8 ice dragons
  6 spriggan air magi
  10 hydras
  A catoblepas (D:14)
  An anaconda (shapeshifter) (Vaults:5)
  2 death knights
  13 deep troll shamans
  A two-headed ogre (shapeshifter) (Vaults:4)
  A merfolk aquamancer (Depths:2)
  11 centaur warriors
  4 tengu warriors
  7 alligators
  3 hell hogs (Depths:1)
  7 dancing weapons (Spider:3)
  29 two-headed ogres
  3 orc high priests
  A vampire mage (Depths:4)
  11 deep troll earth magi
  Nergalle (Lair:3)
  10 spriggan berserkers
  Urug (D:12)
  Sonja (Orc:1)
  4 iron trolls
  3 soul eaters
  7 deep elf knights
  2 sun demons (Depths:4)
  19 hell knights
  12 shadow wraiths
  2 sixfirhies
  9 skeletal warriors
  An unseen horror (shapeshifter) (Vaults:5)
  A spriggan druid (Swamp:2)
  A death drake (Swamp:2)
  3 unseen horrors
  5 flayed ghosts
  35 deep trolls
  A glowing orange brain (Depths:2)
  7 wizards
  5 spectral hydras
  A lindwurm (Lair:6)
  10 phantasmal warriors
  15 ironbrand convokers
  3 deep elf archers
  2 swamp dragons
  14 orb spiders
  10 necromancers
  4 harpies (Vaults:4)
  2 harpies (shapeshifter)
  15 orc knights
  A mana viper (shapeshifter) (Vaults:5)
  6 cyclopes
  10 orc sorcerers
  19 deep elf magi
  A cyclops (shapeshifter) (Vaults:4)
  22 wolf spiders
  A faun (shapeshifter) (Vaults:5)
  A manticore (D:13)
  2 elephants (shapeshifter)
  6 elephants (Lair:3)
  4 apis skeletons (Depths:1)
  53 ugly things
  A wolf spider (shapeshifter) (Vaults:4)
  Maurice (D:8)
  A black mamba (shapeshifter) (Vaults:1)
  A rust devil (D:12)
  26 moths of wrath
  A toenail golem (Depths:4)
  A torpor snail (Spider:1)
  2 guardian serpents (Depths:2)
  3 molten gargoyles (Lair:6)
  2 gargoyles
  4 black mambas
  2 centaur skeletons
  An ice statue (IceCv)
  A stone giant skeleton (D:15)
  10 vault sentinels
  A smoke demon (Depths:3)
  A spiny frog (shapeshifter) (Vaults:2)
  11 spiny frogs
  A yaktaur zombie (D:15)
  A kobold demonologist (D:14)
  A rime drake (shapeshifter) (Depths:2)
  40 yaktaurs
  An efreet (D:14)
  5 demonic crawlers
  10 komodo dragons
  A hellion (Depths:3)
  5 anaconda simulacra (IceCv)
  2 hellwings (Depths:4)
  7 ice devils
  8 freezing wraiths
  4 tengu conjurers
  14 swamp worm zombies
  2 tormentors (D:12)
  6 trolls
  3 hydra zombies (Swamp:4)
  A jumping spider (shapeshifter) (Vaults:4)
  A meliai (shapeshifter) (Vaults:1)
  A golden dragon simulacrum (IceCv)
  A troll (shapeshifter) (D:14)
  A polar bear (shapeshifter) (Vaults:2)
  3 meliai (D:15)
  21 jumping spiders
  3 merfolk (Depths:2)
  5 polar bears
  9 tyrant leeches
  4 hornets
  Prince Ribbit (D:8)
  Grinder (D:4)
  8 hippogriffs
  16 blink frogs
  6 dream sheep (Lair:6)
  A hippogriff (shapeshifter) (Depths:3)
  16 slime creatures
  13 bog bodies
  A meliai zombie (D:14)
  8 spectral swamp dragons
  An ettin zombie (D:15)
  5 alligator zombies
  9 water elementals
  3 spriggans
  9 shadows
  71 redbacks
  A spriggan (shapeshifter) (D:13)
  A tyrant leech zombie (Swamp:2)
  20 wraiths
  43 yaks
  27 tarantellas
  A ynoxinul (Depths:3)
  3 fire bats (Lair:6)
  6 wyverns
  6 basilisks
  A large abomination (Swamp:2)
  2 hungry ghosts
  A steam dragon (Lair:6)
  20 vampire mosquitoes
  A steam dragon (shapeshifter) (Vaults:5)
  A harpy simulacrum (IceCv)
  2 iron troll simulacra (IceCv)
  11 insubstantial wisps
  15 wargs
  An acid dragon (Vaults:2)
  11 swamp worms
  4 spiny frog zombies (Swamp:2)
  A soldier ant (shapeshifter) (Depths:2)
  6 hydra simulacra (IceCv)
  11 water moccasins
  2 floating eyes (Depths:2)
  4 hell hounds (Lair:6)
  10 porcupines
  9 swamp drakes
  An ice beast (shapeshifter) (Vaults:2)
  A black bear (Lair:3)
  A black bear (shapeshifter) (Depths:2)
  A hornet zombie (D:15)
  43 orc warriors
  An eye of draining (D:13)
  4 ice beasts
  8 phantoms
  An eye of draining (shapeshifter) (Depths:4)
  4 swamp dragon zombies (Swamp:4)
  3 sky beasts
  25 ogres
  A necrophage (D:7)
  16 wolves
  6 boggarts
  16 centaurs
  9 crocodiles
  21 bullfrogs
  A big kobold (D:13)
  A wyvern zombie (D:13)
  A wyvern skeleton (D:11)
  A troll zombie (Swamp:2)
  7 scorpions
  4 spriggan zombies (Swamp:2)
  A human simulacrum (Vaults:1)
  An elephant simulacrum (IceCv)
  4 killer bees (D:7)
  5 wights (D:9)
  An electric eel (Lair:5)
  7 lava snakes
  9 howler monkeys
  2 bullfrog zombies
  A draconian simulacrum (IceCv)
  7 crimson imps
  3 centaur zombies
  8 hounds
  5 jellies
  29 orc priests
  A gnoll shaman (Orc:2)
  48 orc wizards
  4 iguanas
  13 worker ants
  A polar bear simulacrum (IceCv)
  A spriggan simulacrum (IceCv)
  2 troll simulacra (IceCv)
  A killer bee zombie (D:10)
  3 wolf simulacra (IceCv)
  3 centaur simulacra (IceCv)
  A worker ant zombie (D:9)
  10 gnolls
  A howler monkey skeleton (D:5)
  24 adders
  4 naga simulacra (IceCv)
  2 ogre simulacra (IceCv)
  3 shadow imps
  3 white imps (IceCv)
  2 ufetubi (IceCv)
  11 oozes
  An adder skeleton (D:4)
  An adder zombie (D:7)
  A worm (shapeshifter) (Depths:2)
  7 worms
  3 dart slugs
  12 leopard geckos
  111 orcs
  10 ball pythons
  20 giant cockroaches
  7 goblins
  6 hobgoblins
  2 jackals (D:6)
  22 kobolds
  2 quokkas
  5 bats
  16 frilled lizards
  A jackal skeleton (D:4)
  A leopard gecko skeleton (D:5)
  10 rats
  2 plants (Depths:1)
  10 withered plants
2144 creatures vanquished.

Vanquished Creatures (collateral kills)
  A slime creature (Depths:1)
  An adder (D:3)
  2 worms (D:3)
  A bat (D:3)
5 creatures vanquished.

Vanquished Creatures (others)
  A golden dragon (Zot:1)
  A lich (Vaults:5)
  A death cob (Zot:1)
  2 storm dragons
  An ironheart preserver (Vaults:1)
  4 stone giants
  A spark wasp (Depths:5)
  A vault guard (Vaults:5)
  A catoblepas (Lair:5)
  A two-headed ogre (Vaults:3)
  2 ogre magi
  A shadow wraith (Depths:3)
  A deep troll (Depths:3)
  A spectral hydra (Swamp:2)
  A phantasmal warrior (Swamp:4)
  An ironbrand convoker (Vaults:3)
  2 wolf spiders (Spider:4)
  A cyclops (Vaults:2)
  2 ugly things
  A komodo dragon (Lair:6)
  14 yaktaurs
  2 jumping spiders (Spider:1)
  A blink frog (Lair:6)
  A slime creature (Vaults:2)
  2 redbacks (Spider:1)
  A water elemental (Depths:1)
  2 vampire mosquitoes
  An insubstantial wisp (Swamp:3)
  A water moccasin (Lair:2)
  An orc warrior (Vaults:4)
  A centaur (Vaults:1)
  2 ogres
  A crimson imp (D:12)
  2 orc priests
  A white imp (IceCv)
  2 ufetubi (IceCv)
  4 orcs
  A briar patch (Swamp:3)
  A bush (Lair:3)
  8 fungi
  36 plants
  2 withered plants (D:15)
114 creatures vanquished.

Grand Total: 2263 creatures vanquished

Table legend:
 A = Turns spent in this place as a percentage of turns spent in the entire game.
 B = Non-inter-level travel turns spent in this place as a percentage of non-inter-level travel turns spent in the entire game.
 C = Inter-level travel turns spent in this place as a percentage of turns spent in this place.
 D = Turns resting spent in this place as a percentage of non-inter-level travel turns spent in this place.
 E = Turns spent auto-exploring this place as a percentage of non-inter-level travel turns spent in this place.
 F = Non-inter-level travel turns spent in this place divided by the number of levels of this place that you've seen.
                   A       B       C       D       E      F
               +-------+-------+-------+-------+-------+----------------------
         Total | 100.0 | 100.0 |   6.0 |  34.4 |  37.1 | 1345.3
       Dungeon |  24.4 |  23.4 |   9.7 |  27.3 |  49.7 | 1049.7
        Temple |   0.2 |   0.2 |   7.3 |   0.0 |  93.3 | 165.0
          Lair |  12.9 |  12.8 |   6.7 |  29.8 |  45.0 | 1436.0
         Swamp |   7.9 |   7.9 |   6.3 |  33.6 |  38.2 | 1326.0
   Spider Nest |   7.1 |   7.3 |   3.8 |  40.9 |  28.7 | 1224.5
  Orcish Mines |   3.3 |   3.4 |   4.5 |  31.6 |  37.2 | 1142.5
        Vaults |  15.3 |  15.3 |   6.0 |  27.9 |  35.4 | 2062.8
        Depths |  15.7 |  15.9 |   4.5 |  47.8 |  24.4 | 2142.0
           Zot |   9.4 |   9.8 |   2.0 |  37.4 |  32.0 | 1315.8
         Sewer |   1.9 |   2.0 |   0.0 |  68.3 |   7.8 | 1336.0
      Ice Cave |   1.2 |   1.3 |   0.0 |  28.7 |  29.7 | 881.0
       Volcano |   0.6 |   0.6 |   0.0 |  37.0 |  13.4 | 433.0
               +-------+-------+-------+-------+-------+----------------------

Table legend:
 A = Non-vault XP
 B = Vault XP
 C = Vault XP percentage of total XP
 D = Non-vault monster count
 E = Vault monster count
 F = Vault count percentage of total count
                 A         B        C        D         E       F
            +---------+---------+-------+---------+---------+-------
      Total |  645453 |  666438 |  50.8 |    1322 |     852 |  39.2
            +---------+---------+-------+---------+---------+-------
        D:1 |      43 |       0 |   0.0 |      25 |       0 |   0.0
        D:2 |      50 |       0 |   0.0 |      18 |       0 |   0.0
        D:3 |      95 |      81 |  46.0 |      15 |       9 |  37.5
        D:4 |     212 |     272 |  56.2 |      14 |       1 |   6.7
        D:5 |     452 |       0 |   0.0 |      17 |       0 |   0.0
        D:6 |    1162 |       0 |   0.0 |      22 |       0 |   0.0
        D:7 |     941 |       0 |   0.0 |      24 |       0 |   0.0
        D:8 |     281 |     777 |  73.4 |       9 |       2 |  18.2
        D:9 |    1430 |     679 |  32.2 |      30 |      14 |  31.8
       D:10 |    2637 |     504 |  16.0 |      23 |       3 |  11.5
       D:11 |    2462 |     224 |   8.3 |      14 |       1 |   6.7
       D:12 |    5507 |     674 |  10.9 |      56 |       1 |   1.8
       D:13 |    7086 |    1798 |  20.2 |      36 |       5 |  12.2
       D:14 |   10120 |       0 |   0.0 |      37 |       0 |   0.0
       D:15 |   10430 |    7420 |  41.6 |      26 |       9 |  25.7
     Lair:1 |    2859 |     279 |   8.9 |      15 |       2 |  11.8
     Lair:2 |    1731 |     395 |  18.6 |       5 |       3 |  37.5
     Lair:3 |    7371 |    3499 |  32.2 |      30 |       2 |   6.2
     Lair:4 |    5824 |    1432 |  19.7 |      24 |       9 |  27.3
     Lair:5 |    5307 |     891 |  14.4 |      24 |       3 |  11.1
     Lair:6 |   10976 |    6653 |  37.7 |      46 |      27 |  37.0
    Swamp:1 |   14020 |       0 |   0.0 |      35 |       0 |   0.0
    Swamp:2 |    3507 |   10278 |  74.6 |      11 |      36 |  76.6
    Swamp:3 |    8658 |       0 |   0.0 |      19 |       0 |   0.0
    Swamp:4 |    7362 |   17812 |  70.8 |      15 |      49 |  76.6
   Spider:1 |   19581 |       0 |   0.0 |      64 |       0 |   0.0
   Spider:2 |   10924 |       0 |   0.0 |      32 |       0 |   0.0
   Spider:3 |    6855 |   13446 |  66.2 |      20 |      22 |  52.4
   Spider:4 |   11511 |   18093 |  61.1 |      21 |      27 |  56.2
      Orc:1 |    6555 |    2708 |  29.2 |      48 |       6 |  11.1
      Orc:2 |    3795 |    5017 |  56.9 |      36 |      44 |  55.0
   Vaults:1 |   24813 |   22828 |  47.9 |      48 |      24 |  33.3
   Vaults:2 |   33084 |   33934 |  50.6 |      65 |      42 |  39.3
   Vaults:3 |   22686 |   22184 |  49.4 |      46 |      22 |  32.4
   Vaults:4 |   19896 |   32332 |  61.9 |      27 |      39 |  59.1
   Vaults:5 |   22102 |  119794 |  84.4 |      24 |      92 |  79.3
   Depths:1 |   30974 |   31431 |  50.4 |      51 |      24 |  32.0
   Depths:2 |   12698 |   88580 |  87.5 |      17 |      96 |  85.0
   Depths:3 |   44945 |   25973 |  36.6 |      52 |      48 |  48.0
   Depths:4 |   26886 |   10030 |  27.2 |      25 |      20 |  44.4
   Depths:5 |   74539 |   12651 |  14.5 |      57 |       8 |  12.3
      Zot:1 |   56280 |       0 |   0.0 |      34 |       0 |   0.0
      Zot:2 |    7439 |   18927 |  71.8 |       5 |      11 |  68.8
      Zot:3 |   22143 |       0 |   0.0 |      16 |       0 |   0.0
      Zot:4 |   39453 |       0 |   0.0 |      26 |       0 |   0.0
      Zot:5 |   37771 |  136515 |  78.3 |      18 |      41 |  69.5
      Sewer |       0 |     317 | 100.0 |       0 |      53 | 100.0
      IceCv |       0 |   10660 | 100.0 |       0 |      49 | 100.0
    Volcano |       0 |    7350 | 100.0 |       0 |       8 | 100.0
            +---------+---------+-------+---------+---------+-------
